 Dungeon Crawl Stone Soup version 0.31-a0-175-g9f7f995f2b (webtiles) character file.

Game seed: 6655722383396533801

59 qw the Shooter (level 4, -9/28 HPs)
             Began as a Gargoyle Hunter on June 17, 2023.
             Killed from afar by Ijyb (16 damage)
             ... with a bolt of light
             ... on level 3 of the Dungeon.
             The game lasted 00:00:38 (1820 turns).

qw the Shooter (Gargoyle Hunter)                    Turns: 1820, Time: 00:00:39

Health: -9/28      AC:  7    Str: 15    XL:     4   Next: 3%
Magic:  4/4        EV: 11    Int:  9    God:
Gold:   163        SH:  0    Dex: 15    Spells: 3/3 levels left

rFire   . . .        Y - +0 shortbow
rCold   . . .        (shield currently unavailable)
rNeg    + . .        c - +0 leather armour
rPois   inf          (no helmet)
rElec   +            (no cloak)
rCorr   .            (no gloves)
SInv    .            e - +0 pair of boots
Will    .....        (no amulet)
Stlth   +            d - +4 ring of slaying {mikee}
HPRegen 0.24/turn    (no ring)
MPRegen 0.09/turn

%: no passive effects
@: confused
A: sickness immunity, AC +3, negative energy resistance 1, electricity
resistance, torment resistance 1, petrification resistance
a: no special abilities


You were on level 3 of the Dungeon.
You visited 1 branch of the dungeon, and saw 3 of its levels.

You collected 163 gold pieces.


Innate Abilities, Weirdness & Mutations

You are immune to sickness and miasma.
Your stone body is resilient. (AC +3)
You are immune to poison.
You resist negative energy. (rN+)
You are resistant to electric shocks. (rElec)
You are resistant to unholy torment.
You are immune to petrification.


   Skills:
 - Level 3.0 Fighting
 + Level 5.1 Ranged Weapons
 - Level 1.5 Dodging
 - Level 1.1 Stealth


You had 3 spell levels left.
You didn't know any spells.
Your spell library was empty.

Inventory:

Hand Weapons
 Y - a +0 shortbow (weapon)
Armour
 c - a +0 leather armour (worn)
 e - a +0 pair of boots (worn)
Jewellery
 d - a +4 ring of slaying (left hand) {mikee}
Scrolls
 b - a scroll of identify
Potions
 a - a potion of enlightenment {unknown}
 g - a potion of brilliance {unknown}
 i - a potion of ambrosia {unknown}

Dungeon Overview and Level Annotations

Branches:
Dungeon (3/15)

Altars:

Annotations:
D:3 Ijyb


Message History

You feel less confused.
A hobgoblin comes into view.
You shoot an arrow. The arrow barely misses Ijyb.
Ijyb hits you with a +0 dagger.
You shoot an arrow. The arrow barely misses Ijyb.
Ijyb hits you but does no damage. Ijyb screams, "I no like you!"
You shoot an arrow. The arrow hits Ijyb.
Ijyb is severely wounded.
Ijyb hits you but does no damage. The hobgoblin hits you.
You shoot an arrow. The arrow hits Ijyb but does no damage.
Ijyb is severely wounded.
The hobgoblin barely misses you. Ijyb hits you with a +0 dagger.
You shoot an arrow. The arrow hits Ijyb but does no damage.
Ijyb is severely wounded.
The hobgoblin closely misses you. Ijyb barely misses you.
You shoot an arrow. The arrow hits Ijyb.
Ijyb is almost dead.
The hobgoblin hits you but does no damage.
Ijyb screams, "Die!"
Ijyb barely misses you. Ijyb closely misses you. The hobgoblin hits you.
You shoot an arrow. The arrow barely misses Ijyb.
Ijyb barely misses you.
The hobgoblin hits you but does no damage.
You shoot an arrow. The arrow closely misses Ijyb.
The hobgoblin barely misses you.
Ijyb zaps a wand.
The bolt of light misses you.
You shoot an arrow. The arrow barely misses Ijyb.
The hobgoblin hits you but does no damage.
Ijyb barely misses you.
You shoot an arrow. The arrow hits Ijyb but does no damage.
Ijyb is almost dead.
You hear the slow rusting of a distant drain.
The hobgoblin hits you but does no damage.
Ijyb hits you with a +0 dagger.
You shoot an arrow. The arrow closely misses Ijyb.
Ijyb screams, "It's all mine!"
Ijyb zaps a wand.
The bolt of light hits you!
You are confused.
Ouch! That really hurt!
You die...

#.......# #.......#
... ##.....## ...
##...## .... ##...##
..... ##.....##
#..... #.......#
###......
#.......####........
#...........@g......
##.....######g......
#.......# .......
#....[..# ...$...
#.......# .#.....
##.....## #......
##...## ^ .... #####
. .<..


You could see Ijyb and a hobgoblin.

Vanquished Creatures
  A worm (D:2)
  A dart slug (D:1)
  7 bats
  3 endoplasms
  2 giant cockroaches (D:1)
  7 goblins
  5 hobgoblins
  4 jackals (D:2)
  3 kobolds (D:2)
  2 quokkas
  6 ball pythons
  3 frilled lizards
  5 rats
49 creatures vanquished.

Notes
Turn   | Place    | Note
-------+----------+-------------------------------------------
     0 | D:1      | qw the Gargoyle Hunter began the quest for the Orb.
     0 | D:1      | Reached XP level 1. HP: 12/12 MP: 1/1
     0 | D:1      | 0 ||| qw: Version: 0.3-a-2-g5ab2908
     0 | D:1      | 0 ||| qw: Game counter: 132
     0 | D:1      | 0 ||| qw: Always use a shield: true
     0 | D:1      | 0 ||| qw: God list: Okawaru
     0 | D:1      | 0 ||| qw: Allow faded altars: false
     0 | D:1      | 0 ||| qw: Do Orc after D:15 true
     0 | D:1      | 0 ||| qw: Do second Lair branch before Depths: true
     0 | D:1      | 0 ||| qw: Lair rune preference: random
     0 | D:1      | 0 ||| qw: Plans: Normal, Zot:1-4, Slime:5, God:TSO, Crypt,
                  | Tomb, Abyss, Pan, Hells, Win
     0 | D:1      | 0 ||| PLANNING D:1-11
    65 | D:1      | Reached XP level 2. HP: 17/17 MP: 2/2
   548 | D:1      | Reached XP level 3. HP: 21/21 MP: 3/3
   560 | D:1      | Found a faded altar of an unknown god.
   803 | D:1      | 803 ||| UPGRADING to +0 pair of boots.
   808 | D:1      | 808 ||| READING scroll labelled PIURGHAYPE.
   809 | D:1      | 809 ||| READING scroll labelled TYSOYZEUFE.
   810 | D:1      | 810 ||| READING scroll labelled QUIFEAXZYC.
   811 | D:1      | 811 ||| DROPPING scroll of butterflies.
   900 | D:2      | Reached skill level 5 in Ranged Weapons
  1310 | D:2      | Reached skill level 3 in Fighting
  1546 | D:2      | Reached XP level 4. HP: 25/28 MP: 4/4
  1748 | D:2      | 1748 ||| UPGRADING to +4 ring of slaying {mikee}.
  1749 | D:2      | 1749 ||| READING scroll labelled DIDUMIU HIACS.
  1750 | D:2      | 1750 ||| READING scroll labelled YQAGACEOPP.
  1751 | D:2      | 1751 ||| READING scroll labelled EFUANG YMEYF.
  1773 | D:3      | 1773 ||| PLANNING SEWER
  1802 | D:3      | Noticed Ijyb
  1819 | D:3      | HP: 7/28 [Ijyb/+0 dagger (3)]
  1820 | D:3      | Killed from afar by Ijyb

Levels and vault maps discovered:
D:1:      lightli_arrival_noodles, layout_basic, shapermc_ecumenical_altar_petra
D:2:      layout_loops_corners, serial_bayou_lake_a
D:3:      layout_rooms, lightli_temple_of_fire, cheibrodos_sewer_entry_sluice,
          uniq_crazy_yiuf_cottage, uniq_sigmund, uniq_grinder, uniq_ijyb

Skill      XL: |  1  2  3 |
---------------+----------+-----
Ranged Weapons | 5 |  5.1
Fighting       | 3 |  3.0
Dodging        | |  1.5
Stealth        | |  1.1

Action                     |  1- 3 |  4- 6 || total
---------------------------+-------+-------++-------
   Fire: Shortbow          |   131 |    17 ||   148
    Use: Scroll            |     3 |     3 ||     6
 Armour: Leather armour    |    29 |     6 ||    35
  Dodge: Dodged            |    47 |    10 ||    57

Table legend:
 A = Non-vault XP
 B = Vault XP
 C = Vault XP percentage of total XP
 D = Non-vault monster count
 E = Vault monster count
 F = Vault count percentage of total count
                 A         B        C        D         E       F
            +---------+---------+-------+---------+---------+-------
      Total |      85 |       0 |   0.0 |      49 |       0 |   0.0
            +---------+---------+-------+---------+---------+-------
        D:1 |      38 |       0 |   0.0 |      21 |       0 |   0.0
        D:2 |      46 |       0 |   0.0 |      27 |       0 |   0.0
        D:3 |       1 |       0 |   0.0 |       1 |       0 |   0.0
            +---------+---------+-------+---------+---------+-------
